 Dungeon Crawl Stone Soup version 0.28-a0-969-g2dcde036d2 (webtiles) character file.

Game seed: 8455803764245500723

4 Decritt the Skirmisher (level 1, -5/18 HPs)
             Began as a Demonspawn Abyssal Knight on Dec 1, 2021.
             Was a Follower of Lugonu.
             Slain by a kobold (7 damage)
             ... on level 1 of the Dungeon.
             The game lasted 00:01:03 (255 turns).

Decritt the Skirmisher (Demonspawn Abyssal Knight)   Turns: 255, Time: 00:01:03

Health: -5/18      AC:  8    Str: 13    XL:     1   Next: 58%
Magic:  2/2        EV:  6    Int: 11    God:    Lugonu [*.....]
Gold:   32         SH:  0    Dex: 13    Spells: 0/0 levels left

rFire   . . .      SeeInvis .   a - +1 spear
rCold   . . .      Faith    .   (no shield)
rNeg    . . .      Spirit   .   e - +0 chain mail
rPois   .          Reflect  .   (no helmet)
rElec   .          Harm     .   (no cloak)
rCorr   .          Rampage  .   (no gloves)
Will    .....                   (no boots)
Stlth   ..........              (no amulet)
HPRegen 0.06/turn               (no ring)
MPRegen 0.08/turn               (no ring)

@: no status effects
A: no striking features
a: Renounce Religion, Depart the Abyss


You were on level 1 of the Dungeon.
You worshipped Lugonu.
Lugonu was aware of your devotion.
You visited 1 branch of the dungeon, and saw 1 of its levels.
You visited the Abyss 1 time.

You collected 32 gold pieces.

Inventory:

Hand Weapons
 a - a +1 spear (weapon)
Armour
 b - a +0 leather armour
 e - a +0 chain mail (worn)
Scrolls
 c - a scroll of enchant armour {unknown}
Potions
 d - a potion of resistance {unknown}
 f - a potion of curing {unknown}


   Skills:
 * Level 3.1 Fighting
 * Level 1.9 Polearms
 + Level 1.8 Armour
 + Level 1.0 Dodging
 - Level 2.4 Invocations


You couldn't memorise any spells.
You didn't know any spells.
Your spell library was empty.

Dungeon Overview and Level Annotations

Branches:
Dungeon (1/15)

Altars:


Message History

You barely miss the kobold. You hit the kobold.
The kobold is moderately wounded.
The kobold barely misses you.
You hit the kobold but do no damage.
The kobold is moderately wounded.
The kobold closely misses you.
You hit the kobold but do no damage.
The kobold is moderately wounded.
The kobold hits you but does no damage.
You closely miss the kobold.
The kobold is moderately wounded.
The kobold hits you with a +2 short sword of holy wrath.
You convulse.
* * * LOW HITPOINT WARNING * * *
You hit the kobold.
The kobold is severely wounded.
The kobold hits you but does no damage.
You barely miss the kobold.
The kobold is severely wounded.
The kobold hits you but does no damage.
You closely miss the kobold.
The kobold is severely wounded.
The kobold hits you with a +2 short sword of holy wrath.
* * * LOW HITPOINT WARNING * * *
You convulse.
* * * LOW HITPOINT WARNING * * *
You closely miss the kobold.
The kobold is severely wounded.
The kobold hits you but does no damage.
You completely miss the kobold.
The kobold is severely wounded.
The kobold hits you with a +2 short sword of holy wrath.
* * * LOW HITPOINT WARNING * * *
You convulse.
* * * LOW HITPOINT WARNING * * *
You closely miss the kobold.
The kobold is severely wounded.
The kobold hits you with a +2 short sword of holy wrath!
You die...

# #.
#.##################
#.:.........>.....).
###@......#########.
......K.....#.# #.
#####.[.......# #.
#.#.#####.# #. #.#.#
#.# #. #.#.#
#.#########. # #..
..#....÷÷.#. ###
#...<÷÷.#.
#÷÷.÷÷..#.


You could see a kobold.

Vanquished Creatures
  A giant cockroach (D:1)
  A goblin (D:1)
  A hobgoblin (D:1)
  A frilled lizard (D:1)
4 creatures vanquished.

Notes
Turn   | Place    | Note
-------+----------+-------------------------------------------
     0 | Abyss:1  | Decritt the Demonspawn Abyssal Knight began the quest for
                  | the Orb.
     0 | Abyss:1  | Reached XP level 1. HP: 18/18 MP: 2/2
     9 | D:1      | Escaped the Abyss
   153 | D:1      | Reached skill level 1 in Dodging
   255 | D:1      | Slain by a kobold

Illustrated notes

Levels and vault maps discovered:
D:1:      heliophobic_arrival_battle_scene, layout_basic,
          shapermc_ecumenical_altar_petra

Skill      XL: |  1 |
---------------+----+-----
Dodging        | 1 |  1.0
Fighting       | |  3.1
Polearms       | |  1.9
Armour         | |  1.8
Invocations    | |  2.4

Action                   || total
-------------------------++-------
Melee: Spear             ||    29
Armor: Chain mail        ||     8
Dodge: Dodged            ||    10

Table legend: (Time is in decaauts)
 A = Elapsed time spent in this place.
 B = Non-inter-level travel time spent in this place.
 C = Inter-level travel time spent in this place.
 D = Time resting spent in this place.
 E = Time spent auto-exploring this place.
 F = Levels seen in this place.
 G = Mean time per level.
                   A        B        C        D        E       F      G
               +--------+--------+--------+--------+--------+-----+--------+
         Total |    254 |    254 |      0 |      0 |    171 |   2 |  127.0 |
       Dungeon |    245 |    245 |      0 |      0 |    171 |   1 |  245.0 |
         Abyss |      9 |      9 |      0 |      0 |      0 |   1 |    9.0 |
               +--------+--------+--------+--------+--------+-----+--------+

Top non-repeatable levels by time:
     D:1: 245 daAuts
 Abyss:1: 9 daAuts
